 Dungeon Crawl Stone Soup version 0.31-a0-1074-g0b22e4e0f1 (webtiles) character file.

Game seed: 7016743945972021914

121 Curundu the Trooper (level 4, -1/40 HPs)
             Began as a Draconian Berserker on Dec 1, 2023.
             Was a Believer of Trog.
             Slain by an ogre
             ... wielding a +0 giant club
              (11 damage)
             ... on level 4 of the Dungeon.
             The game lasted 00:17:56 (3014 turns).

Curundu the Trooper (Draconian Berserker)           Turns: 3014, Time: 00:17:56

Health: -1/40      AC:  5    Str: 20    XL:     4   Next: 77%
Magic:  4/4        EV: 13    Int:  7    God:    Trog [**....]
Gold:   95         SH:  0    Dex: 12    Spells: 3/3 levels left

rFire   . . .        u - +4 sling (heavy)
rCold   . . .        (no shield)
rNeg    . . .        (body armour unavailable)
rPois   .            (helmet restricted)
rElec   .            (no cloak)
rCorr   .            (no gloves)
SInv    .            (no boots)
Will    .....        (no amulet)
Stlth   +            (no ring)
HPRegen 0.26/turn    (no ring)
MPRegen 0.09/turn

%: no passive effects
@: no status effects
A: AC +5, unfitting armour, cold-blooded
a: Renounce Religion, Berserk, Trog's Hand


You were on level 4 of the Dungeon.
You worshipped Trog.
Trog was pleased with you.
You visited 1 branch of the dungeon, and saw 4 of its levels.

You collected 150 gold pieces.
You spent 55 gold pieces at shops.

Inventory:

Hand Weapons
 a - a +0 hand axe
 r - a +0 sling
 u - a +4 heavy sling (weapon)
Missiles
 n - 2 silver javelins
 s - 6 poisoned darts
 x - 5 stones
Jewellery
 q - an amulet of faith
 v - a ring of wizardry
Scrolls
 d - a scroll of torment {unknown}
 e - a scroll of identify {unknown}
 g - 3 scrolls of enchant armour {unknown}
 i - a scroll of blinking {unknown}
 j - a scroll of fear {unknown}
 k - 2 scrolls of amnesia {unknown}
 o - a scroll of vulnerability {unknown}
 p - a scroll of summoning {unknown}
 w - a scroll of silence {unknown}
Potions
 b - a potion of mutation {unknown}
 c - 2 potions of curing {unknown}
 f - a potion of attraction {unknown}
 h - 3 potions of degeneration {unknown}
 l - a potion of enlightenment {unknown}
 m - 2 potions of heal wounds
 t - a potion of invisibility {unknown}


   Skills:
 + Level 4.2 Fighting
 + Level 4.1 Axes
 + Level 3.5 Dodging
 + Level 0.4 Stealth


You had 3 spell levels left.
You didn't know any spells.
Your spell library contained the following spells:

 Spells                   Type           Power      Damage    Failure   Level
 Blink                    Tloc           0%         N/A       56%         2
 Lesser Beckoning         Tloc           0%         N/A       56%         2
 Momentum Strike          Conj/Tloc      0%         3d8       56%         2
 Poisonous Vapours        Pois/Air       0%         N/A       56%         2
 Wereblood                Tmut           0%         N/A       56%         2
 Mephitic Cloud           Conj/Pois/Air  0%         N/A       80%         3
 Stone Arrow              Conj/Erth      0%         3d7       80%         3
 Freezing Cloud           Conj/Ice/Air   0%         6-21      100%        5
 Irradiate                Conj/Tmut      0%         3d11      100%        5
 Lehudib's Crystal Spear  Conj/Erth      0%         10d2      100%        8
 Animate Armour           Summ/Erth      Unusable   N/A       N/A         4

Dungeon Overview and Level Annotations

Branches:
Dungeon (4/15)
 Temple: D:4-7

Altars:
Gozag

Shops:
D:2 =(!

Annotations:
D:4 1 runed translucent door, Crazy Yiuf


Innate Abilities, Weirdness & Mutations

Your plain brown scales are hard. (AC +5)
You cannot fit into any form of body armour.
You are cold-blooded and may be slowed by cold attacks.


Message History

There is a stone staircase leading down here.
There are no items here.
There are no items here.
There are no items here.
There are no items here.
There are no items here.
There are no items here.
u - a +4 heavy sling (weapon)
Fire: u) +4 sling (heavy)
Press: ? - help, Q - select action, (/) - cycle Shift-Dir - straight line, f - orc
Aim: an orc, wielding a +0 flail and quivering boomerangs (62% to hit)
You shoot a sling bullet. The sling bullet hits the orc!
You kill the orc!
Trog accepts your kill.
The goblin unwields a +0 dagger.
The goblin wields a +0 sling.
The goblin shoots a sling bullet.
The sling bullet misses you.
The goblin unwields a +0 sling.
The goblin wields a +0 dagger.
The goblin hits you but does no damage.
Fire: u) +4 sling (heavy)
Press: ? - help, Q - select action, (/) - cycle Shift-Dir - straight line, f - goblin
Aim: a goblin, wielding a +0 dagger (55% to hit)
You shoot a sling bullet. The sling bullet hits the goblin!
You kill the goblin!
Trog accepts your kill. The ogre closely misses you.
Fire: u) +4 sling (heavy)
Press: ? - help, Q - select action, (/) - cycle Shift-Dir - straight line, f - ogre
Aim: an ogre, wielding a +0 giant club (76% to hit)
You shoot a sling bullet. The sling bullet hits the ogre.
The ogre is lightly wounded.
The ogre hits you with a +0 giant club!
Fire: u) +4 sling (heavy)
Press: ? - help, Q - select action, (/) - cycle Shift-Dir - straight line, f/p - ogre
Aim: an ogre, wielding a +0 giant club (lightly wounded, 76% to hit)
You shoot a sling bullet. The sling bullet hits the ogre!
The ogre is heavily wounded.
The ogre hits you with a +0 giant club!
* * * LOW HITPOINT WARNING * * *
The ogre hits you with a +0 giant club!
You die...

#......# #...... ##
..... #.. .... ###.. #..
####... . #.# ##....###
...#####.####.......#
#.......@....#.....#
######..O###........#
#........######.....##♣♣
#.........## #.....#..♣♣
$..........#
####......♣♣
##......?..# ##......♣
........)..# ###...♣.
...........# ##♣♣♣♣
.............


You could see an ogre.

Vanquished Creatures
  2 adders
  3 gnolls (D:2)
  A worm (D:2)
  2 dart slugs (D:2)
  2 orcs
  4 bats
  8 endoplasms
  2 giant cockroaches (D:1)
  10 goblins
  9 hobgoblins
  4 kobolds
  A quokka (D:3)
  7 ball pythons
  3 frilled lizards
  4 rats
62 creatures vanquished.

Notes
Turn   | Place    | Note
-------+----------+-------------------------------------------
     0 | D:1      | Curundu the Draconian Berserker began the quest for the
                  | Orb.
     0 | D:1      | Reached XP level 1. HP: 19/19 MP: 1/1
   323 | D:1      | Reached XP level 2. HP: 26/26 MP: 2/2
  1131 | D:2      | Found an opulent altar of Gozag.
  1147 | D:2      | Found Bad Doac's Jewellery Emporium.
  1155 | D:2      | Reached XP level 3. HP: 33/33 MP: 3/3
  1594 | D:2      | Reached ** piety under Trog
  1595 | D:2      | Reached XP level 4. HP: 36/40 MP: 4/4
  1655 | D:2      | Found Baufoskum's Distillery.
  1672 | D:2      | Bought a potion of heal wounds for 55 gold pieces
  1982 | D:2      | Found Tiethics's Antique Weapon Boutique.
  2964 | D:4      | Found a runed translucent door.
  2965 | D:4      | Noticed Crazy Yiuf
  2999 | D:4      | Noticed an ogre
  3014 | D:4      | Slain by an ogre

Illustrated notes

Levels and vault maps discovered:
D:1:      eino_arrival_cavern_e, layout_loops_corners, minivault_23
D:2:      layout_loops_ring, basic_altar, serial_shops, shop,
          nicolae_shop_gaudy_bauble, nicolae_shop_rolling_square
D:3:      layout_loops_ring, nicolae_figureground_pulse
D:4:      layout_rooms, lightli_ossuary_entry_decrepit_ruins,
          uniq_crazy_yiuf_cottage

Skill      XL: |  1  2  3  4 |
---------------+-------------+-----
Dodging        | 3 |  3.5
Fighting       | 4 |  4.2
Axes           | 4 |  4.1
Stealth        | |  0.4

Action                     |  1- 3 |  4- 6 || total
---------------------------+-------+-------++-------
  Melee: Hand axe          |    66 |    73 ||   139
         Tailslap          |    12 |     3 ||    15
         Punch             |       |     1 ||     1
   Fire: Sling             |       |     4 ||     4
   Stab: Sleeping          |     1 |       ||     1
 Armour: Skin              |    33 |    35 ||    68
  Dodge: Dodged            |    47 |    51 ||    98

Table legend: (Time is in decaauts)
 A = Elapsed time spent in this place.
 B = Non-inter-level travel time spent in this place.
 C = Inter-level travel time spent in this place.
 D = Time resting spent in this place.
 E = Time spent auto-exploring this place.
 F = Levels seen in this place.
 G = Mean time per level.
                   A        B        C        D        E       F      G
               +--------+--------+--------+--------+--------+-----+--------+
         Total |   3034 |   3034 |      0 |    130 |      0 |   4 |  758.5 |
       Dungeon |   3034 |   3034 |      0 |    130 |      0 |   4 |  758.5 |
               +--------+--------+--------+--------+--------+-----+--------+

Top non-repeatable levels by time:
     D:1: 1122 daAuts
     D:2: 1002 daAuts
     D:3: 845 daAuts
     D:4: 64 daAuts
